 Dungeon Crawl Stone Soup version 0.30-a0-728-gc68057be0a (webtiles) character file.

Game seed: 16432055956701192334

4 cforsyth the Caller (level 1, 0/13 HPs)
             Began as a Demonspawn Summoner on Jan 30, 2023.
             Slain by a jackal (3 damage)
             ... on level 1 of the Dungeon.
             The game lasted 00:01:14 (79 turns).

cforsyth the Caller (Demonspawn Summoner)             Turns: 79, Time: 00:01:14

Health: 0/13       AC:  2    Str:  8    XL:     1   Next: 50%
Magic:  0/3        EV: 12    Int: 16    God:
Gold:   0          SH:  0    Dex: 13    Spells: 3/4 levels left

rFire   . . .      SeeInvis .    (no weapon)
rCold   . . .      Faith    .    (no shield)
rNeg    . . .      Spirit   .    a - +0 robe
rPois   .          Reflect  .    (no helmet)
rElec   .          Harm     .    (no cloak)
rCorr   .          Rampage  .    (no gloves)
Will    .....                    (no boots)
Stlth   ++                       (no amulet)
HPRegen 0.22/turn                (no ring)
MPRegen 0.08/turn                (no ring)

@: no status effects
A: no striking features
a: no special abilities


You were on level 1 of the Dungeon.
You visited 1 branch of the dungeon, and saw 1 of its levels.

Inventory:

Armour
 a - a +0 robe (worn)
Potions
 b - a potion of magic


   Skills:
 - Level 1.7 Dodging
 - Level 1.7 Stealth
 + Level 2.1 Spellcasting
 + Level 4.1 Summonings


You had 3 spell levels left.
You knew the following spells:

 Your Spells              Type           Power      Damage    Failure   Level
a - Summon Small Mammal   Summ           56%        N/A       3%          1

Your spell library contained the following spells:

 Spells                   Type           Power      Damage    Failure   Level
 Call Imp                 Summ           14%        N/A       6%          2
 Call Canine Familiar     Summ           14%        N/A       12%         3
 Summon Guardian Golem    Hex/Summ       8%         N/A       26%         3
 Summon Lightning Spire   Summ/Air       8%         N/A       65%         4


Dungeon Overview and Level Annotations

Branches:
Dungeon (1/15)

Altars:


Message History

Unknown command.
You barely miss the jackal.
The jackal is severely wounded.
The jackal bites you but does no damage.
The jackal bites you.
* * * LOW HITPOINT WARNING * * *
Your rat misses the jackal.
Unknown command.
You hit the jackal but do no damage.
The jackal is heavily wounded.
The jackal misses you.
Your rat closely misses the jackal.
You hit the jackal but do no damage.
The jackal is heavily wounded.
The jackal barely misses you.
The jackal stops to sniff the ground.
The jackal misses you.
Your rat closely misses the jackal.
You closely miss the jackal.
The jackal is heavily wounded.
The jackal barely misses you.
Your rat bites the jackal but does no damage.
You hit the jackal but do no damage.
The jackal is heavily wounded.
The jackal barely misses you.
Your rat bites the jackal but does no damage.
You barely miss the jackal.
The jackal is heavily wounded.
The jackal bites you but does no damage.
The jackal closely misses you.
Your rat barely misses the jackal.
You completely miss the jackal.
The jackal is heavily wounded.
The jackal barely misses you.
Your rat completely misses the jackal.
You hit the jackal.
The jackal is severely wounded.
The jackal barely misses you.
Your rat bites the jackal but does no damage.
The jackal closely misses you.
Casting: Summon Small Mammal (safe; 3% risk of failure)
Confirm with . or Enter, or press ? or * to list all spells.
The jackal bites you.
You die...

##...###.......####
#......##.........#
#...#........#
#..##...........#
#......#.......#
######rh.#.....#
##........#
#####.....)..#
#.@hr.#......#
#.###..#.......#
#.r ###.###.....#
...###~#.#~##....#
######~P~.~♣~###...
#~P8P.♣8♣ .##
##~P.<.♣~#
#~P...P~#
#~P8P.P8P~#


You could see a jackal (ally target) and 2 friendly rats.

Vanquished Creatures
  A hobgoblin (D:1)
  A kobold (D:1)
2 creatures vanquished.

Vanquished Creatures (collateral kills)
  A ball python (D:1)
1 creature vanquished.

Grand Total: 3 creatures vanquished

Notes
Turn   | Place    | Note
-------+----------+-------------------------------------------
     0 | D:1      | cforsyth the Demonspawn Summoner began the quest for the
                  | Orb.
     0 | D:1      | Reached XP level 1. HP: 13/13 MP: 3/3
    79 | D:1      | Slain by a jackal

Illustrated notes

Levels and vault maps discovered:
D:1:      ldierk_walled_garden_2, layout_rooms, serial_co_window_serial,
          co_window_paths_a, co_window_paths_a, co_window_paths_a,
          co_window_corner_a, co_window_of_opportunity_a, co_window_corner_ca,
          co_window_broadway_c, co_window_broadway_a, co_window_cross_4,
          co_window_4corner_b, co_window_sun, glass_columns_a, glass_columns_a,
          minmay_pentomino_w2

Action                     || total
---------------------------++-------
  Melee: Unarmed           ||    20
   Cast: Summon Small Mamm ||     7
 Armour: Robe              ||     7
  Dodge: Dodged            ||    22

Table legend: (Time is in decaauts)
 A = Elapsed time spent in this place.
 B = Non-inter-level travel time spent in this place.
 C = Inter-level travel time spent in this place.
 D = Time resting spent in this place.
 E = Time spent auto-exploring this place.
 F = Levels seen in this place.
 G = Mean time per level.
                   A        B        C        D        E       F      G
               +--------+--------+--------+--------+--------+-----+--------+
         Total |     79 |     79 |      0 |      0 |     32 |   1 |   79.0 |
       Dungeon |     79 |     79 |      0 |      0 |     32 |   1 |   79.0 |
               +--------+--------+--------+--------+--------+-----+--------+

Top non-repeatable levels by time:
     D:1: 79 daAuts
